 Dungeon Crawl Stone Soup version 0.30-a0-4-ga7cffc901d (webtiles) character file.

Game seed: 16288925833850502177

10513 Conn the Arsonist (level 11, 0/67 HPs)
             Began as an Octopode Fire Elementalist on Aug 21, 2022.
             Was a Believer of Sif Muna.
             Shot with an arrow by a centaur (7 damage)
             ... on level 11 of the Dungeon.
             The game lasted 00:31:58 (13269 turns).

Conn the Arsonist (Octopode Fire Elementalist)     Turns: 13269, Time: 00:31:58

Health: 0/67       AC:  6    Str:  7    XL:     11   Next: 63%
Magic:  6/24       EV: 12    Int: 22    God:    Sif Muna [**....]
Gold:   567        SH:  9    Dex: 13    Spells: 4/28 levels left

rFire   . . .      SeeInvis +    t - +2 falchion (protect)
rCold   . . .      Faith    .    J - +2 kite shield
rNeg    . . .      Spirit   .    I - +1 hat {Will+}
rPois   .          Reflect  .    (no amulet)
rElec   .          Harm     .    d - ring of wizardry
rCorr   .          Rampage  .    v - +4 ring of protection
Will    +....                    N - ring of see invisible
Stlth   ++++......               (no ring)
HPRegen 0.21/turn                (no ring)
MPRegen 0.19/turn                (no ring)
                                 (no ring)
                                 (no ring)

@: no status effects
A: almost no armour, amphibious, 8 rings, camouflage 1, gelatinous body 1,
(nimble swimmer 1), tentacles
a: Renounce Religion, Channel Magic


You were on level 11 of the Dungeon.
You worshipped Sif Muna.
Sif Muna was pleased with you.
You visited 2 branches of the dungeon, and saw 12 of its levels.

You collected 567 gold pieces.

Inventory:

Hand Weapons
 f - a +0 dagger
 t - a +2 falchion of protection (weapon)
 H - the +3 mace of the Modern Blessings {vorpal, Str+4}
   (You found it on level 8 of the Dungeon)

   It inflicts extra damage upon your enemies.
   Str:       It affects your strength (+4).
Missiles
 l - 3 curare-tipped darts (quivered)
 B - 11 poisoned darts
 F - a throwing net
Armour
 I - a +1 hat of willpower (worn)
 J - a +2 kite shield (worn)
 L - an orb of light
Magical Staves
 E - a staff of cold
Jewellery
 d - a ring of wizardry (left tentacle)
 v - a +4 ring of protection (right tentacle)
 N - a ring of see invisible (on tentacle)
Wands
 w - a wand of roots (3)
 D - a wand of flame (5)
Scrolls
 b - a scroll of poison
 e - 3 scrolls of teleportation
 h - 2 scrolls of fear
 i - 4 scrolls of fog
 j - a scroll of torment {unknown}
 o - 2 scrolls of noise {unknown}
 r - 3 scrolls of amnesia
 s - a scroll of acquirement {unknown}
 y - a scroll of silence {unknown}
 z - a scroll of vulnerability
 C - 3 scrolls of summoning {unknown}
 G - a scroll of immolation
Potions
 a - a potion of magic
 c - a potion of attraction
 g - 2 potions of resistance
 k - a potion of cancellation
 m - a potion of berserk rage
 n - a potion of flight
 p - a potion of brilliance
 q - 8 potions of curing
 u - a potion of haste
 x - a potion of might
 A - 2 potions of heal wounds
 K - a potion of lignification {unknown}
 M - a potion of invisibility {unknown}


   Skills:
 + Level 3.2 Fighting
 + Level 1.0(2.2) Short Blades
 + Level 3.1(3.2) Long Blades
 + Level 0.9 Throwing
 + Level 3.9 Dodging
 + Level 6.4 Stealth
 + Level 0.6 Shields
 + Level 9.1 Spellcasting
 + Level 6.0 Conjurations
 + Level 2.0 Hexes
 + Level 10.6 Fire Magic
 * Level 1.1 Ice Magic
 * Level 6.0 Invocations


You had 4 spell levels left.
You knew the following spells:

 Your Spells              Type           Power      Damage    Failure   Level
a - Foxfire               Conj/Fire      100%       2x1d9     1%          1
b - Conjure Flame         Conj/Fire      46%        6-21      1%          3
c - Inner Flame           Hex/Fire       37%        N/A       2%          3
d - Flame Wave            Conj/Fire      46%        2d12      3%          4
e - Scorch                Fire           100%       2d10      1%          2
f - Mephitic Cloud        Conj/Pois/Air  18%        N/A       12%         3
g - Iskenderun's Mystic   Conj/Tloc      23%        2d6       26%         4
h - Hailstorm             Conj/Ice       25%        3d7       21%         4

Your spell library contained the following spells:

 Spells                   Type           Power      Damage    Failure   Level
 Magic Dart               Conj           100%       1d8       1%          1
 Dazzling Flash           Conj/Hex       54%        N/A       6%          3
 Ignite Poison            Fire/Tmut/Pois 25%        N/A       6%          3
 Call Imp                 Summ           10%        N/A       14%         2
 Portal Projectile        Hex/Tloc       28%        N/A       19%         3
 Call Canine Familiar     Summ           10%        N/A       26%         3
 Leda's Liquefaction      Hex/Erth       7%         N/A       50%         4
 Starburst                Conj/Fire      23%        6d8       41%         6
 Freezing Cloud           Conj/Ice/Air   10%        6-21      65%         5
 Haunt                    Necr/Summ      5%         N/A       100%        7
 Summon Horrible Things   Summ           5%         N/A       100%        8


Dungeon Overview and Level Annotations

Branches:
Dungeon (11/15)            Temple (1/1) D:6            Lair (0/5) D:10
    Orc: D:9-12

Altars:
Ashenzari
Cheibriados
Dithmenos
Elyvilon
Fedhas
Gozag
Hepliaklqana
Kikubaaqudgha
Makhleb
Nemelex Xobeh
Okawaru
Qazlal
Ru
Sif Muna
Trog
Uskayaw
Vehumet
Wu Jian
Xom
Yredelemnul
Zin
The Shining One

Shops:
D:3 *


Innate Abilities, Weirdness & Mutations

You cannot wear most types of armour.
You are amphibious.
You can wear up to eight rings at the same time.
Your skin changes colour to match your surroundings (Stealth+).
Your rubbery body absorbs attacks. (AC +1, EV +1)
((You are camouflaged when in or above water. (Stealth+)))
You have tentacles for arms and can constrict up to eight enemies at once.


Message History

Confirm with . or Enter, or press ? or * to list all spells.
You conjure some foxfire!
The centaur is engulfed in blazing flames.
Flame seeps out of the centaur.
Unknown command.
Casting: Foxfire (safe; 1% risk of failure)
Confirm with . or Enter, or press ? or * to list all spells.
You conjure some foxfire!
The foxfire hits the centaur but does no damage.
The centaur is lightly wounded.
The foxfire hits the centaur but does no damage.
The centaur is almost dead.
The centaur is engulfed in blazing flames.
Sif Muna accepts your kill.
The centaur explodes!
The fiery explosion engulfs the centaur!!!
You kill the centaur!
Sif Muna accepts your kill.
The centaur shoots an arrow.
The arrow hits you.
The centaur shoots an arrow.
The arrow hits you!
Unknown command.
Casting: Foxfire (safe; 1% risk of failure)
Confirm with . or Enter, or press ? or * to list all spells.
You conjure some foxfire!
The foxfire hits the centaur.
The centaur is heavily wounded.
The foxfire hits the centaur.
The centaur is almost dead.
Unknown command.
Casting: Foxfire (safe; 1% risk of failure)
Confirm with . or Enter, or press ? or * to list all spells.
You conjure some foxfire!
The foxfire hits the centaur but does no damage.
The centaur is almost dead.
The centaur shoots an arrow.
The arrow hits you!
* * * LOW HITPOINT WARNING * * *
The centaur shoots an arrow.
The arrow hits you.
* * * LOW HITPOINT WARNING * * *
The centaur shoots an arrow.
You block the arrow.
The centaur shoots an arrow.
The arrow hits you!
You die...

####.#########..#####....
#.............(.......
#........####.........
#.####[..# #......... ###
.# #...# #.........
.....####...# #.........
............####.........
...............vv§.☼.....
###..########..v@§§§.####
#. #.####☼○c# #.# .c.# ##
#.# c..# .. #.# ...# ..
#.# ...# ## #.#


ccc# #.# You could see 2 centaurs.

Vanquished Creatures
  Gastronok (D:8)
  A centaur warrior (D:9)
  A two-headed ogre (D:9)
  A wizard (D:8)
  An ugly thing (D:11)
  A gargoyle (D:11)
  A kobold demonologist (D:11)
  2 trolls (D:11)
  Prince Ribbit (D:7)
  2 shadows
  2 wraiths
  A wyvern (D:9)
  3 yaks (D:9)
  Grum (D:8)
  A steam dragon (D:9)
  4 vampire mosquitoes (D:10)
  2 acid dragons
  2 water moccasins
  2 sky beasts
  A black bear (D:7)
  An orc warrior (D:10)
  An ogre (D:6)
  2 wolves (D:8)
  7 centaurs
  A kobold brigand (D:10)
  2 bullfrogs
  A gnoll sergeant (D:8)
  4 scorpions
  9 wights
  18 killer bees
  4 howler monkeys
  9 orc priests
  2 jellies
  9 hounds
  An iguana (D:7)
  9 orc wizards
  15 gnolls
  8 adders
  3 worms (D:3)
  2 dart slugs (D:4)
  30 orcs
  4 endoplasms
  5 giant cockroaches
  20 hobgoblins
  4 jackals (D:1)
  8 quokkas
  3 ball pythons
  5 bats
  5 frilled lizards
  7 goblins
  12 kobolds
  6 rats
248 creatures vanquished.

Vanquished Creatures (others)
  733 foxfires
  7 plants (D:5)
740 creatures vanquished.

Grand Total: 988 creatures vanquished

Notes
Turn   | Place    | Note
-------+----------+-------------------------------------------
     0 | D:1      | Conn the Octopode Fire Elementalist began the quest for the
                  | Orb.
     0 | D:1      | Reached XP level 1. HP: 11/11 MP: 3/3
   207 | D:1      | Reached XP level 2. HP: 15/17 MP: 0/5
   512 | D:1      | Found a faded altar of an unknown god.
   784 | D:1      | Reached XP level 3. HP: 21/21 MP: 1/6
  1411 | D:1      | Learned a level 2 spell: Scorch
  1415 | D:1      | Learned a level 3 spell: Conjure Flame
  1590 | D:2      | Reached skill level 4 in Fire Magic
  1671 | D:2      | Reached XP level 4. HP: 19/27 MP: 1/7
  2420 | D:3      | Reached XP level 5. HP: 28/31 MP: 1/9
  2807 | D:3      | Found Pyasch's Assorted Antiques.
  2851 | D:3      | Reached XP level 6. HP: 37/37 MP: 8/10
  2969 | D:3      | Reached skill level 1 in Fighting
  3711 | D:4      | Reached skill level 5 in Fire Magic
  3897 | D:4      | Reached XP level 7. HP: 43/43 MP: 3/12
  4528 | D:4      | Learned a level 3 spell: Inner Flame
  4533 | D:4      | Learned a level 4 spell: Flame Wave
  4766 | D:5      | Entered Level 5 of the Dungeon
  4778 | D:5      | Reached skill level 5 in Stealth
  4923 | D:5      | Reached skill level 1 in Short Blades
  5067 | D:5      | Got the Directory of the Retinue and Hoarfrost
  5076 | D:5      | Reached XP level 8. HP: 48/48 MP: 3/14
  5521 | D:6      | Reached skill level 6 in Fire Magic
  5620 | D:6      | Learned a level 3 spell: Mephitic Cloud
  5811 | D:6      | Reached skill level 1 in Long Blades
  6065 | D:6      | Reached skill level 5 in Spellcasting
  6241 | D:6      | Found a staircase to the Ecumenical Temple.
  6253 | Temple   | Entered the Ecumenical Temple
  6258 | Temple   | Became a worshipper of Sif Muna the Loreminder
  6989 | D:7      | Reached XP level 9. HP: 54/54 MP: 8/17
  7144 | D:7      | Reached skill level 7 in Fire Magic
  7743 | D:7      | Noticed Prince Ribbit
  7767 | D:7      | Killed Prince Ribbit
  7768 | D:7      | Reached skill level 1 in Invocations
  8419 | D:8      | Reached skill level 8 in Fire Magic
  8433 | D:8      | Noticed Grum
  8685 | D:7      | Learned a level 4 spell: Iskenderun's Mystic Blast
  8704 | D:8      | Killed Grum
  8845 | D:8      | Identified the +3 mace of the Modern Blessings {vorpal,
                  | Str+4}
  8972 | D:8      | Reached XP level 10. HP: 61/61 MP: 15/20
  9076 | D:8      | Noticed Gastronok
  9077 | D:8      | Found a sacrificial altar of Ru.
  9077 | D:8      | Found an ancient bone altar of Kikubaaqudgha.
  9089 | D:8      | Found a sparkling altar of Nemelex Xobeh.
  9091 | D:8      | Found a blossoming altar of Fedhas.
  9261 | D:8      | Killed Gastronok
  9262 | D:8      | Reached skill level 1 in Hexes
  9687 | D:8      | Found a broken altar of Ashenzari.
  9714 | D:8      | Reached skill level 9 in Fire Magic
  9917 | D:8      | Reached * piety under Sif Muna
  9968 | D:8      | Reached skill level 5 in Conjurations
 10147 | D:8      | Found a bloodstained altar of Trog.
 10148 | D:8      | Noticed a wizard
 10154 | D:8      | Killed a wizard
 10664 | D:9      | Noticed a two-headed ogre
 10670 | D:9      | Killed a two-headed ogre
 10671 | D:9      | Reached skill level 5 in Invocations
 10679 | D:9      | Reached XP level 11. HP: 66/66 MP: 2/23
 11212 | D:9      | Noticed a centaur warrior
 11219 | D:9      | Killed a centaur warrior
 11309 | D:9      | Found an opulent altar of Gozag.
 11588 | D:10     | Entered Level 10 of the Dungeon
 11781 | D:10     | Reached ** piety under Sif Muna
 11875 | D:10     | Reached skill level 10 in Fire Magic
 12305 | D:10     | Found a staircase to the Lair.
 12829 | D:11     | Learned a level 4 spell: Hailstorm
 13122 | D:11     | Noticed a cyan ugly thing
 13138 | D:11     | Killed a cyan ugly thing
 13261 | D:11     | Reached skill level 1 in Ice Magic
 13269 | D:11     | Shot with an arrow by a centaur

Illustrated notes

Levels and vault maps discovered:
D:1:      scummos_arrival_simple_crosswalls, layout_loops_corners,
          ebering_ecumenical_altar_mist, nicolae_eternal_life,
          minmay_pentomino_t2
D:2:      layout_rooms, glass_columns_a, guppyfry_early_orc_mine
D:3:      layout_loops_ring, serial_shops, shop_statue
D:4:      layout_loops_cross
D:5:      layout_basic, serial_bayou_lake_a
D:6:      layout_gridville, minmay_temple_entry_proselytizer
D:7:      layout_loops_corners, uniq_prince_ribbit1
D:8:      layout_basic, grunt_temple_overflow_open, trog_wizard,
          enter_ossuary_1, serial_park_tiny_pond, uniq_grum, uniq_gastronok
D:9:      layout_loops_cross, kennysheep_mini
D:10:     layout_basic, lair_entry_dummy
D:11:     layout_small_grid, minmay_orc_entry_temple_small
Temple:   minmay_freezing_vapour_temple

Skill      XL: |  1  2  3  4  5  6  7  8  9 10 11 |
---------------+----------------------------------+-----
Fire Magic     | 4 5 6 8 9 10 | 10.6
Stealth        | 3 4 5 6 |  6.4
Conjurations   | 2 3 4 5 6 |  6.0
Spellcasting   | 3 4 5 7 8 9 |  9.1
Fighting       | 1 2 3 |  3.2
Short Blades   | 1 |  1.0
Long Blades    | 1 2 3 |  3.1
Dodging        | 3 |  3.9
Invocations    | 2 5 6 |  6.0
Hexes          | 1 2 |  2.0
Ice Magic      | 1 |  1.1
Throwing       | |  0.9
Shields        | |  0.6

Action                   |  1- 3 |  4- 6 |  7- 9 | 10-12 || total
-------------------------+-------+-------+-------+-------++-------
Melee: Unarmed           |     8 |       |       |       ||     8
       Constrict         |     7 |    12 |     9 |     1 ||    29
       Tentacles         |     3 |     7 |    18 |     3 ||    31
       Dagger            |    16 |    49 |     2 |       ||    67
       Falchion          |       |       |    67 |     6 ||    73
       Punch             |       |       |     1 |       ||     1
Throw: Dart              |       |     3 |     3 |       ||     6
 Cast: Foxfire           |    66 |   110 |   134 |   117 ||   427
       Scorch            |       |     3 |    49 |    55 ||   107
       Conjure Flame     |       |     1 |     8 |     7 ||    16
       Flame Wave        |       |       |     3 |     7 ||    10
       Inner Flame       |       |       |     7 |    16 ||    23
       Mephitic Cloud    |       |       |     1 |     4 ||     5
Evoke: Wand              |       |       |     1 |       ||     1
  Use: Potion            |       |     3 |     1 |     3 ||     7
       Scroll            |       |     1 |     1 |    11 ||    13
 Stab: Sleeping          |     4 |     3 |     9 |     1 ||    17
Armor: Skin              |     2 |     2 |    25 |     5 ||    34
Dodge: Dodged            |    21 |    38 |    77 |    22 ||   158
Block: Kite shield       |       |       |       |    12 ||    12

Table legend: (Time is in decaauts)
 A = Elapsed time spent in this place.
 B = Non-inter-level travel time spent in this place.
 C = Inter-level travel time spent in this place.
 D = Time resting spent in this place.
 E = Time spent auto-exploring this place.
 F = Levels seen in this place.
 G = Mean time per level.
                   A        B        C        D        E       F      G
               +--------+--------+--------+--------+--------+-----+--------+
         Total |  13291 |  13076 |    215 |    758 |   9149 |  12 | 1107.6 |
       Dungeon |  13281 |  13066 |    215 |    758 |   9149 |  11 | 1207.4 |
        Temple |     10 |     10 |      0 |      0 |      0 |   1 |   10.0 |
               +--------+--------+--------+--------+--------+-----+--------+

Top non-repeatable levels by time:
     D:7: 2099 daAuts
     D:8: 1504 daAuts
     D:1: 1451 daAuts
     D:4: 1305 daAuts
     D:6: 1278 daAuts
     D:9: 1266 daAuts
     D:3: 1219 daAuts
    D:10: 1172 daAuts
     D:2: 790 daAuts
     D:5: 685 daAuts
    D:11: 507 daAuts
  Temple: 10 daAuts
